 Dungeon Crawl Stone Soup version 0.30-a0-165-g1891117ce2 (webtiles) character file.

Game seed: 1600808111241127408

496 qw the Chopper (level 7, -6/43 HPs)
             Began as a Gargoyle Fighter on Sept 28, 2022.
             Mangled by an ogre
             ... wielding a +0 giant club
              (8 damage)
             ... on level 5 of the Dungeon.
             The game lasted 00:01:16 (3938 turns).

qw the Chopper (Gargoyle Fighter)                   Turns: 3938, Time: 00:01:17

Health: -6/43      AC: 17    Str: 21    XL:     7   Next: 15%
Magic:  7/7        EV:  7    Int:  9    God:
Gold:   257        SH:  4    Dex:  9    Spells: 6/6 levels left

rFire   . . .      SeeInvis .    Y - +0 war axe (venom)
rCold   . . .      Faith    .    c - +0 buckler
rNeg    + . .      Spirit   .    k - +0 chain mail
rPois   inf        Reflect  .    g - +0 helmet
rElec   +          Harm     .    (no cloak)
rCorr   +          Rampage  .    (no gloves)
Will    .....                    i - +1 pair of boots
Stlth   ..........               (no amulet)
HPRegen 0.14/turn                h - ring of resist corrosion
MPRegen 0.10/turn                (no ring)

@: no status effects
A: sickness immunity, AC +4, negative energy resistance 1, electricity
resistance, torment resistance 1, petrification resistance
a: no special abilities


You were on level 5 of the Dungeon.
You visited 1 branch of the dungeon, and saw 5 of its levels.

You collected 257 gold pieces.


Innate Abilities, Weirdness & Mutations

You are immune to sickness and miasma.
Your stone body is resilient. (AC +4)
You are immune to poison.
You resist negative energy. (rN+)
You are resistant to electric shocks. (rElec)
You are resistant to unholy torment.
You are immune to petrification.


   Skills:
 - Level 4.1 Fighting
 + Level 6.1 Axes
 - Level 1.1 Throwing
 - Level 3.2 Armour
 - Level 1.3 Dodging
 - Level 3.2 Shields


You had 6 spell levels left.
You didn't know any spells.
Your spell library was empty.

Inventory:

Hand Weapons
 n - a +2 flail of venom
 Y - a +0 war axe of venom (weapon)
Armour
 c - a +0 buckler (worn)
 g - a +0 helmet (worn)
 i - a +1 pair of boots (worn)
 k - a +0 chain mail (worn)
Jewellery
 b - a +6 ring of strength
 h - a ring of resist corrosion (left hand)
Scrolls
 o - a scroll of identify
Potions
 a - a potion of attraction {unknown}
 d - 3 potions of might
 j - a potion of lignification
 l - 3 potions of curing
 m - a potion of berserk rage {unknown}
 p - a potion of degeneration {unknown}

Dungeon Overview and Level Annotations

Branches:
Dungeon (5/15)
 Temple: D:4-7

Altars:
Elyvilon
Fedhas
Gozag

Annotations:
D:3 1 runed translucent door, Crazy Yiuf


Message History

The centaur closely misses you.
The centaur kicks you but does no damage.
You hit the centaur.
The centaur is almost dead.
You kill the centaur!
Your Axes skill increases to level 6!
You have reached level 7!
You start resting.
HP restored.
Things that are here:
a +0 shortbow; a centaur corpse An orc comes into view.
It is wielding a +0 mace.
You barely miss the orc. The orc hits you but does no damage.
You hit the orc.
The orc is poisoned.
The orc is heavily wounded.
The orc hits you but does no damage.
You barely miss the orc.
The orc is almost dead.
You kill the orc!
Things that are here:
a +0 mace; an orc corpse An ogre comes into view.
It is wielding a +0 giant club.
The ogre shouts!
You hear a shout!
An ogre comes into view. It is wielding a +0 giant club.
You closely miss the ogre. You slash the ogre!
The ogre looks as sick as possible!
The ogre hits you but does no damage. The ogre barely misses you.
You hit the ogre.
The ogre is moderately wounded.
You hit the ogre.
The ogre hits you with a +0 giant club! x2
You hit the ogre but do no damage.
The ogre looks as sick as possible!
The ogre is severely wounded.
You barely miss the ogre.
The ogre hits you with a +0 giant club! x2
You slash the ogre!
You kill the ogre!
You slash the ogre!
The ogre is poisoned.
The ogre hits you with a +0 giant club!
You die...

######## #
.......###.####
#....O......
#...@)......
###)###.##.#
#.# #### #.#
#... #.# #...
##.# ##...
###..# .....
########...##
#...
.......)...#
#...


You could see an ogre (very poisoned).

Vanquished Creatures
  A centaur (D:5)
  2 ogres
  A howler monkey (D:4)
  An orc priest (D:4)
  A hound (D:4)
  2 jellies (D:4)
  2 iguanas (D:4)
  4 gnolls (D:2)
  2 adders
  An ufetubus (D:4)
  2 worms
  2 dart slugs
  7 orcs
  5 ball pythons
  5 endoplasms
  3 giant cockroaches (D:1)
  3 goblins
  6 hobgoblins
  3 kobolds
  3 quokkas
  6 bats
  2 frilled lizards
  7 rats
71 creatures vanquished.

Notes
Turn   | Place    | Note
-------+----------+-------------------------------------------
     0 | D:1      | qw the Gargoyle Fighter began the quest for the Orb.
     0 | D:1      | Reached XP level 1. HP: 14/14 MP: 1/1
     0 | D:1      | 0 ||| qw: Version: 0.2-a-12-gaebbb33
     0 | D:1      | 0 ||| qw: Game counter: 885
     0 | D:1      | 0 ||| qw: Always use a shield: true
     0 | D:1      | 0 ||| qw: God list: Okawaru
     0 | D:1      | 0 ||| qw: Allow faded altars: false
     0 | D:1      | 0 ||| qw: Do Orc after D:15 true
     0 | D:1      | 0 ||| qw: Do second Lair branch before Depths: true
     0 | D:1      | 0 ||| qw: Lair rune preference: random
     0 | D:1      | 0 ||| qw: Plans: Normal, Zot:1-4, God:TSO, Crypt, Tomb,
                  | Pan, Slime:5, Hells, Abyss, Orb
     0 | D:1      | 0 ||| PLANNING D:1-11
    61 | D:1      | Reached skill level 2 in Axes
   171 | D:1      | Reached XP level 2. HP: 19/19 MP: 2/2
   249 | D:1      | 249 ||| Stepping ~*~*~tactically~*~*~ (stealth).
   470 | D:1      | Found a faded altar of an unknown god.
   510 | D:1      | 510 ||| UPGRADING to ring of resist corrosion.
   511 | D:1      | 511 ||| READING 2 scrolls labelled FOTEADGHADE.
   512 | D:1      | 512 ||| READING scroll labelled BAQA NIEFUGA.
   513 | D:1      | 513 ||| READING scroll labelled BIP VESTARI.
   514 | D:1      | 514 ||| READING scroll labelled HOC QOACRUU.
   515 | D:1      | 515 ||| READING 2 scrolls labelled RUSAGO FAAG.
   518 | D:1      | 518 ||| READING scroll labelled UPRIST XAODGH.
   593 | D:2      | Identified the +9 mace of Honour {freeze, *Corrode Dex+4
                  | Stlth+}
   624 | D:2      | Reached skill level 3 in Axes
   702 | D:2      | Found a blossoming altar of Fedhas.
   712 | D:2      | Reached XP level 3. HP: 21/23 MP: 3/3
   805 | D:2      | 805 ||| Stepping ~*~*~tactically~*~*~ (hiding).
   818 | D:2      | Reached XP level 4. HP: 18/28 MP: 4/4
   826 | D:2      | HP: 5/28 [gnoll/+0 club (5)]
   827 | D:2      | 827 ||| READING 2 scrolls of teleportation.
  1036 | D:2      | 1036 ||| FLEEEEING.
  1037 | D:2      | 1037 ||| FLEEEEING.
  1038 | D:2      | 1038 ||| FLEEEEING.
  1039 | D:2      | 1039 ||| FLEEEEING.
  1040 | D:2      | 1040 ||| STAIRDANCE
  1074 | D:1      | 1074 ||| DROPPING scarf of harm.
  1160 | D:2      | Reached skill level 4 in Axes
  1411 | D:2      | 1411 ||| Stepping ~*~*~tactically~*~*~ (hiding).
  1685 | D:3      | Found an opulent altar of Gozag.
  1750 | D:3      | 1750 ||| Stepping ~*~*~tactically~*~*~ (stealth).
  1839 | D:3      | 1839 ||| Stepping ~*~*~tactically~*~*~ (hiding).
  2154 | D:3      | Found a runed translucent door.
  2155 | D:3      | Noticed Crazy Yiuf
  2158 | D:3      | 2158 ||| UPGRADING to +0 pair of boots.
  2163 | D:3      | 2163 ||| READING scroll of enchant armour.
  2163 | D:3      | 2163 ||| ENCHANTING +0 pair of boots.
  2164 | D:3      | 2164 ||| READING scroll labelled MOG MA ZIUGI.
  2165 | D:3      | 2165 ||| DRINKING 3 blue potions.
  2166 | D:3      | 2166 ||| READING 3 scrolls of identify.
  2166 | D:3      | 2166 ||| IDENTIFYING glowing black potion
  2167 | D:3      | 2167 ||| READING 2 scrolls of identify.
  2167 | D:3      | 2167 ||| IDENTIFYING grey potion
  2168 | D:3      | 2168 ||| DROPPING potion of brilliance.
  2191 | D:4      | 2191 ||| Stepping ~*~*~tactically~*~*~ (stealth).
  2192 | D:4      | 2192 ||| Stepping ~*~*~tactically~*~*~ (stealth).
  2206 | D:4      | Noticed an ogre
  2212 | D:4      | HP: 7/28 [ogre/+0 giant spiked club (21)]
  2213 | D:4      | 2213 ||| READING scroll of teleportation.
  2266 | D:4      | Killed an ogre
  2267 | D:4      | Reached skill level 5 in Axes
  2267 | D:4      | Reached XP level 5. HP: 13/32 MP: 5/5
  2287 | D:4      | 2287 ||| FLEEEEING.
  2288 | D:4      | 2288 ||| FLEEEEING.
  2289 | D:4      | 2289 ||| FLEEEEING.
  2553 | D:4      | 2553 ||| Stepping ~*~*~tactically~*~*~ (stealth).
  2555 | D:4      | 2555 ||| FLEEEEING.
  2558 | D:4      | 2558 ||| FLEEEEING.
  2559 | D:4      | 2559 ||| STAIRDANCE
  3003 | D:4      | 3003 ||| Stepping ~*~*~tactically~*~*~ (stealth).
  3013 | D:4      | 3013 ||| FLEEEEING.
  3014 | D:4      | 3014 ||| FLEEEEING.
  3015 | D:4      | 3015 ||| FLEEEEING.
  3023 | D:4      | Reached skill level 1 in Throwing
  3025 | D:4      | Reached XP level 6. HP: 12/38 MP: 6/6
  3049 | D:4      | 3049 ||| FLEEEEING.
  3050 | D:4      | 3050 ||| Stepping ~*~*~tactically~*~*~ (stealth).
  3289 | D:4      | 3289 ||| DROPPING +9 mace of Honour {freeze, *Corrode Dex+4
                  | Stlth+}.
  3313 | D:4      | 3313 ||| Stepping ~*~*~tactically~*~*~ (stealth).
  3325 | D:4      | Reached skill level 1 in Dodging
  3680 | D:4      | 3680 ||| UPGRADING to +0 helmet.
  3685 | D:4      | 3685 ||| UPGRADING to +0 chain mail.
  3695 | D:4      | 3695 ||| DROPPING +0 scale mail.
  3696 | D:4      | 3696 ||| READING scroll labelled VUYLELE USETY.
  3697 | D:4      | 3697 ||| READING scroll labelled NIOZUU KEHESOWK.
  3756 | D:5      | Entered Level 5 of the Dungeon
  3774 | D:5      | Found a white marble altar of Elyvilon.
  3852 | D:5      | 3852 ||| Stepping ~*~*~tactically~*~*~ (hiding).
  3853 | D:5      | 3853 ||| Stepping ~*~*~tactically~*~*~ (hiding).
  3858 | D:5      | Reached skill level 6 in Axes
  3858 | D:5      | Reached XP level 7. HP: 35/43 MP: 7/7
  3937 | D:5      | HP: 10/43 [ogre/+0 giant club (17)]
  3937 | D:5      | HP: 2/43 [ogre/+0 giant club (8)]
  3938 | D:5      | Mangled by an ogre

Levels and vault maps discovered:
D:1:      lightli_arrival_quake, layout_rooms,
          shapermc_ecumenical_altar_pompeii, st_stairs_9, hangedman_decor_push,
          hangedman_feature_mirror, serial_bayou_pond_c
D:2:      layout_loops_ring, basic_altar
D:3:      layout_rooms, overflow_temple_1_default, grunt_ministairs_3,
          uniq_crazy_yiuf_cottage
D:4:      layout_basic, amcnicky_mini_pool_small, nicolae_titane
D:5:      layout_loops_ring, mainiacjoe_overflow_concentric_impassable,
          kennysheep_mini_moat, minmay_temple_entry_fiery, supply_closet_lemuel,
          amcnicky_mini_corridor_feature

Skill      XL: |  1  2  3  4  5  6 |
---------------+-------------------+-----
Axes           | 2 3 5 6 |  6.1
Throwing       | 1 |  1.1
Fighting       | 4 |  4.1
Dodging        | 1 |  1.3
Armour         | |  3.2
Shields        | |  3.2

Action                   |  1- 3 |  4- 6 |  7- 9 || total
-------------------------+-------+-------+-------++-------
Melee: War axe           |    55 |   122 |     7 ||   184
Throw: Boomerang         |    29 |    56 |       ||    85
  Use: Scroll            |     6 |     8 |       ||    14
       Potion            |       |     1 |       ||     1
Armor: Scale mail        |    36 |    54 |       ||    90
       Chain mail        |       |     7 |     3 ||    10
Dodge: Dodged            |    34 |    53 |     1 ||    88
Block: Buckler           |    11 |    19 |       ||    30

Table legend:
 A = Non-vault XP
 B = Vault XP
 C = Vault XP percentage of total XP
 D = Non-vault monster count
 E = Vault monster count
 F = Vault count percentage of total count
                 A         B        C        D         E       F
            +---------+---------+-------+---------+---------+-------
      Total |     819 |      11 |   1.3 |      65 |       6 |   8.5
            +---------+---------+-------+---------+---------+-------
        D:1 |      20 |       6 |  23.1 |      13 |       4 |  23.5
        D:2 |      85 |       0 |   0.0 |      18 |       0 |   0.0
        D:3 |      28 |       5 |  15.2 |       8 |       2 |  20.0
        D:4 |     447 |       0 |   0.0 |      22 |       0 |   0.0
        D:5 |     239 |       0 |   0.0 |       4 |       0 |   0.0
            +---------+---------+-------+---------+---------+-------
